 Dungeon Crawl Stone Soup version 0.26-a0-1213-gd52f5182fe (webtiles) character file.

Game seed: 10424924576420729300

41 DuloT34 the Grave Robber (level 3, -2/26 HPs)
             Began as a Ghoul Necromancer on Dec 30, 2020.
             Slain by a goblin
             ... wielding a +0 dagger
              (3 damage)
             ... on level 3 of the Dungeon.
             The game lasted 00:01:53 (1652 turns).

DuloT34 the Grave Robber (Ghoul Necromancer)        Turns: 1652, Time: 00:01:54

Health: -2/26      AC:  2    Str: 11    XL:     3   Next: 52%
Magic:  1/5        EV: 12    Int: 11    God:
Gold:   64         SH:  0    Dex:  9    Spells: 6/7 levels left

rFire    . . .     SeeInvis .   (no weapon)
rCold    + . .     Faith    .   (no shield)
rNeg     + + +     Spirit   .   a - +0 robe
rPois    ∞         Reflect  .   (no helmet)
rElec    .         Harm     .   (no cloak)
rCorr    .         Rampage  .   (no gloves)
Will     .....                  (no boots)
Stlth    ++........             (no amulet)
HPRegen  0.00/turn              (no ring)
MPRegen  0.09/turn              (no ring)

@: no status effects
A: claws 1, cold resistance 1, negative energy resistance 3, inhibited
regeneration, torment resistance, unbreathing
a: no special abilities


You were on level 3 of the Dungeon.
You visited 1 branch of the dungeon, and saw 3 of its levels.

You collected 64 gold pieces.

Inventory:

Armour
 a - a +0 robe (worn)
Scrolls
 e - 2 scrolls of teleportation {unknown}
 f - a scroll of noise {unknown}
 g - a scroll of enchant weapon {unknown}
 h - a scroll of blinking {unknown}
Potions
 b - 2 potions of flight {unknown}
 c - 2 potions of might {unknown}
 d - a potion of curing {unknown}


   Skills:
 - Level 1.7 Dodging
 - Level 2.1 Stealth
 + Level 2.5 Spellcasting
 + Level 4.6 Necromancy


You had 6 spell levels left.
You knew the following spells:

 Your Spells              Type           Power        Failure   Level
a - Pain                  Necr           44%          4%          1

Your spell library contained the following spells:

 Spells                   Type           Power        Failure   Level
 Animate Skeleton         Necr           22%          4%          1
 Vampiric Draining        Necr           5%           12%         3
 Animate Dead             Necr           5%           38%         4
 Agony                    Necr           11%          75%         5


Dungeon Overview and Level Annotations

Branches:
Dungeon (3/15)

Altars:
Sif Muna


Innate Abilities, Weirdness & Mutations

You thrive by killing the living.
You are immune to poison.
You have sharp fingernails.
Your flesh is cold resistant. (rC+)
You are immune to negative energy. (rN+++)
You do not regenerate when monsters are visible.
You are immune to unholy pain and torment.
You can survive without breathing.


Message History

Aim: a goblin, wielding a +0 dagger (asleep, chance to affect: 80%)
Okay, then.
A goblin is nearby!
The goblin shouts!
You hear an angry hiss.
An adder and a goblin come into view.
The goblin shouts!
A kobold comes into view.
It is wielding a +0 club and quivering 3 poisoned darts.
The kobold moves out of view.
The kobold shouts!
You hear a shout! x2
Found a scroll labelled WEJ LYIVUANA.
The goblin barely misses you.
The kobold throws a poisoned dart.
The poisoned dart hits you!
You see here a poisoned dart.
Casting: Pain (safe; 4% risk of failure)
Confirm with . or Enter, or press ? or * to list all spells.
Aiming: Pain (safe; 4% risk of failure)
Press: ? - help, Shift-Dir - straight line, f - goblin
Aim: a goblin, wielding a +0 dagger (chance to affect: 80%)
The goblin barely resists.
The goblin hits you with a +0 dagger.
You die...

######...
#......?.
###.####...
#@g....K...
###S#######
#.#.# ##.#S#
#<...#
#....#
#.....#
#........
.......#....


You could see an adder, a goblin and a kobold.

Vanquished Creatures
  A gnoll (D:2)
  2 adders (D:2)
  A giant cockroach (D:1)
  2 goblins
  5 kobolds (D:1)
  A ball python (D:1)
  A frilled lizard (D:1)
  2 rats (D:1)
15 creatures vanquished.

Notes
Turn   | Place    | Note
-------+----------+-------------------------------------------
     0 | D:1      | DuloT34 the Ghoul Necromancer began the quest for the Orb.
     0 | D:1      | Reached XP level 1. HP: 14/14 MP: 2/2
   540 | D:1      | Reached XP level 2. HP: 20/20 MP: 0/4
  1190 | D:2      | Found a shimmering blue altar of Sif Muna.
  1425 | D:2      | Reached XP level 3. HP: 17/26 MP: 0/5
  1639 | D:2      | HP: 1/26 [gnoll/+0 halberd (14)]
  1652 | D:3      | Slain by a goblin

Illustrated notes

Levels and vault maps discovered:
D:1:      minmay_arrival_up_and_down, layout_basic, nrook_mini_vaults
D:2:      minmay_chambers_of_twos, layout_loops_corners, lemuel_tele_altar
D:3:      layout_basic, tgw_sif, trog_butcher_becter

Skill      XL: |  1 |
---------------+----+-----
Spellcasting   | 2 |  2.5
Dodging        | |  1.7
Stealth        | |  2.1
Necromancy     | |  4.6

Action                   || total
-------------------------++-------
Melee: Unarmed           ||    43
 Cast: Pain              ||    32
Armor: Robe              ||     8
Dodge: Dodged            ||    33

Table legend: (Time is in decaauts)
 A = Elapsed time spent in this place.
 B = Non-inter-level travel time spent in this place.
 C = Inter-level travel time spent in this place.
 D = Time resting spent in this place.
 E = Time spent auto-exploring this place.
 F = Levels seen in this place.
 G = Mean time per level.
                   A        B        C        D        E       F      G
               +--------+--------+--------+--------+--------+-----+--------+
         Total |   1652 |   1646 |      6 |    355 |   1113 |   3 |  550.7 |
       Dungeon |   1652 |   1646 |      6 |    355 |   1113 |   3 |  550.7 |
               +--------+--------+--------+--------+--------+-----+--------+

Top non-repeatable levels by time:
     D:1: 1285 daAuts
     D:2: 355 daAuts
     D:3: 11 daAuts
